 Dungeon Crawl Stone Soup version 0.31-a0-182-gc5ef74bbde (webtiles) character file.

Game seed: 10272064600826454972

5147 frimble the Ruffian (level 10, -1/68 HPs)
             Began as an Octopode Warper on June 20, 2023.
             Was a Follower of Cheibriados.
             Slain by a centaur warrior (2 damage)
             ... on level 9 of the Dungeon.
             The game lasted 00:14:10 (9137 turns).

frimble the Ruffian (Octopode Warper)               Turns: 9137, Time: 00:14:10

Health: -1/68      AC:  3    Str: 17    XL:     10   Next: 59%
Magic:  16/16      EV: 17    Int: 17    God:    Cheibriados [*.....]
Gold:   557        SH:  0    Dex: 26    Spells: 15/17 levels left

rFire   . . .        a - +1 sling (elec)
rCold   + . .        (no shield)
rNeg    . . .        n - +2 hat
rPois   .            (no amulet)
rElec   .            e - +6 ring of dexterity
rCorr   .            p - +6 ring of dexterity
SInv    .            u - ring of protection from cold
Will    .....        (no ring)
Stlth   +++++        (no ring)
HPRegen 0.31/turn    (no ring)
MPRegen 0.15/turn    (no ring)
                     (no ring)

%: no passive effects
@: very slow
A: almost no armour, amphibious, 8 rings, camouflage 1, gelatinous body 1,
(nimble swimmer 1), tentacles
a: Renounce Religion, Bend Time


You were on level 9 of the Dungeon.
You worshipped Cheibriados.
Cheibriados was aware of your devotion.
You visited 2 branches of the dungeon, and saw 10 of its levels.
You also visited: Sewer and Ossuary.

You collected 557 gold pieces.

Inventory:

Hand Weapons
 a - a +1 sling of electrocution (weapon)
Missiles
 b - 7 boomerangs of dispersal
 i - 9 boomerangs
 s - 3 javelins
 w - 3 throwing nets
Armour
 n - a +2 hat (worn)
 D - a +0 buckler
Jewellery
 e - a +6 ring of dexterity (left tentacle)
 p - a +6 ring of dexterity (right tentacle)
 u - a ring of protection from cold (on tentacle)
Wands
 g - a wand of mindburst (11)
 q - a wand of flame (18)
 E - a wand of paralysis (3)
Scrolls
 c - 2 scrolls of blinking
 y - 2 scrolls of revelation
 A - a scroll of immolation
 B - 3 scrolls of identify
 C - 5 scrolls of teleportation
Potions
 d - 2 potions of resistance
 f - 2 potions of attraction
 h - 3 potions of heal wounds
 j - 2 potions of curing
 k - a potion of berserk rage
 l - 2 potions of cancellation
 m - a potion of ambrosia
 o - 2 potions of brilliance
 r - 2 potions of enlightenment
 t - 3 potions of degeneration {unknown}
 v - 3 potions of magic
 x - 2 potions of might
 z - 3 potions of invisibility


   Skills:
 - Level 6.2 Fighting
 - Level 5.0 Ranged Weapons
 - Level 1.0 Throwing
 - Level 5.0 Dodging
 - Level 5.0 Stealth
 + Level 5.2 Shields
 + Level 7.3 Unarmed Combat
 - Level 4.0 Spellcasting
 - Level 5.0 Translocations
 - Level 6.0 Evocations


You had 15 spell levels left.
You knew the following spells:

 Your Spells              Type           Power      Damage    Failure   Level
a - Blink                 Tloc           40%        N/A       3%          2

Your spell library contained the following spells:

 Spells                   Type           Power      Damage    Failure   Level
 Lesser Beckoning         Tloc           40%        N/A       3%          2
 Teleport Other           Tloc           20%        N/A       6%          3
 Vhi's Electric Charge    Tloc/Air       22%        N/A       17%         3
 Manifold Assault         Tloc           20%        N/A       21%         4
 Cigotuvi's Dreadful Rot  Necr/Pois/Air  6%         N/A       24%         2
 Poisonous Vapours        Pois/Air       6%         N/A       24%         2
 Sublimation of Blood     Necr           3%         N/A       24%         2
 Wereblood                Tmut           3%         N/A       24%         2
 Dazzling Flash           Conj/Hex       6%         N/A       43%         3
 Mephitic Cloud           Conj/Pois/Air  3%         N/A       43%         3
 Dispel Undead            Necr           3%         3d7       83%         4
 Agony                    Necr           3%         N/A       99%         5
 Freezing Cloud           Conj/Ice/Air   1%         6-21      99%         5
 Silence                  Hex/Air        1%         N/A       99%         5
 Death Channel            Necr           1%         N/A       100%        6
 Summon Hydra             Summ           1%         N/A       100%        7


Dungeon Overview and Level Annotations

Branches:
Dungeon (9/15)             Temple (1/1) D:7            Lair (0/5) D:8
  Sewer (visited)         Ossuary (visited)
    Orc: D:9-12

Altars:
Ashenzari
Cheibriados
Dithmenos
Elyvilon
Fedhas
Hepliaklqana
Kikubaaqudgha
Makhleb
Nemelex Xobeh
Okawaru
Qazlal
Ru
Trog
Uskayaw
Vehumet
Xom
Zin
The Shining One

Shops:
D:4 (   D:5 [   D:7 *[!?


Innate Abilities, Weirdness & Mutations

You cannot wear most types of armour.
You are amphibious.
You can wear up to eight rings at the same time.
Your skin changes colour to match your surroundings (Stealth+).
Your rubbery body absorbs attacks. (AC +1, EV +1)
((You are camouflaged when in or above water. (Stealth+)))
You have tentacles for arms and can constrict up to eight enemies at once.


Message History

The centaur warrior wields a +0 shortbow.
The centaur warrior shoots an arrow.
The arrow hits you!!
Aiming: Paralyse
Press: ? - help, Shift-Dir - straight line, f/p - centaur warrior
Aim: a centaur warrior, wielding a +0 shortbow (chance to affect: 47%)
The centaur warrior resists with some effort.
The centaur warrior shoots an arrow.
The arrow hits you!!
Aiming: Paralyse
Press: ? - help, Shift-Dir - straight line, f/p - centaur warrior
Aim: a centaur warrior, wielding a +0 shortbow (chance to affect: 47%)
The centaur warrior resists with some effort.
The centaur warrior unwields a +0 shortbow.
The centaur warrior hits you! The centaur warrior kicks you.
* * * LOW HITPOINT WARNING * * *
Aiming: Paralyse
Press: ? - help, Shift-Dir - straight line, f/p - centaur warrior
Aim: a centaur warrior (chance to affect: 47%)
The centaur warrior resists with some effort.
The centaur warrior hits you!
* * * LOW HITPOINT WARNING * * *
The centaur warrior completely misses you.
Aiming: Paralyse
Press: ? - help, Shift-Dir - straight line, f/p - centaur warrior
Aim: a centaur warrior (chance to affect: 47%)
The centaur warrior resists with some effort.
The centaur warrior hits you.
* * * LOW HITPOINT WARNING * * *
The centaur warrior kicks you but does no damage.
The boulder beetle curls into a ball and begins rolling!
Okay, then.
Unknown command.
Aiming: Paralyse
Press: ? - help, Shift-Dir - straight line, f/p - centaur warrior
Aim: a centaur warrior (chance to affect: 47%)
The centaur warrior resists with some effort.
The centaur warrior hits you.
* * * LOW HITPOINT WARNING * * *
The centaur warrior completely misses you.
The centaur warrior barely misses you. The centaur warrior kicks you.
You die...

######....##### .......
..............# ...####
.....#.....##.# ..##...
.....#.....##.###..#....
.....#........##...#..##
.....#........##.○.#..#.
.....#........##B#......
..............##c#...#.)
......#######...@#...#..
...##.# ####.#..$###
......# #.##.....
......##### ...#.....
##........# ...###...
.#.....##.# ......####
.#.....##.# ..........
.#.....##.# #.........+
##........#


You could see a boulder beetle (rolling) and a centaur warrior.

Vanquished Creatures
  A two-headed ogre (D:9)
  A tengu warrior (D:8)
  Pikel (D:4)
  4 yaks (D:8)
  A vampire mosquito (D:8)
  A water moccasin (D:6)
  A sky beast (D:8)
  A black bear (D:4)
  2 ice beasts
  3 ogres
  A lemure (D:4)
  4 kobold brigands
  A gnoll sergeant (D:7)
  A bullfrog (D:9)
  7 wights
  3 electric eels (D:3)
  4 howler monkeys
  4 hounds
  A jelly (D:6)
  3 orc priests
  A sleepcap (D:5)
  5 iguanas
  4 orc wizards
  Ijyb (D:2)
  13 mummies (Ossuary)
  6 gnolls
  7 adders
  6 river rats (Sewer)
  A white imp (D:6)
  3 worms
  5 dart slugs
  26 orcs
  6 endoplasms
  5 giant cockroaches
  7 hobgoblins
  9 jackals
  5 quokkas
  17 ball pythons
  6 bats
  18 frilled lizards
  3 gnoll skeletons (Ossuary)
  13 goblins
  3 goblin skeletons (Ossuary)
  17 kobolds
  A kobold skeleton (Ossuary)
  An orc skeleton (Ossuary)
  11 rats
  11 rat skeletons (Ossuary)
256 creatures vanquished.

Vanquished Creatures (others)
  A human (D:5)
1 creature vanquished.

Grand Total: 257 creatures vanquished

Notes
Turn   | Place    | Note
-------+----------+-------------------------------------------
     0 | D:1      | frimble the Octopode Warper began the quest for the Orb.
     0 | D:1      | Reached XP level 1. HP: 14/14 MP: 3/3
   114 | D:1      | Reached XP level 2. HP: 19/19 MP: 5/5
   194 | D:1      | Reached skill level 3 in Unarmed Combat
   246 | D:1      | Learned a level 2 spell: Blink
   375 | D:1      | Reached XP level 3. HP: 21/24 MP: 6/6
   736 | D:2      | Found a shimmering altar of Xom.
   809 | D:2      | Reached skill level 4 in Unarmed Combat
   906 | D:2      | Reached skill level 1 in Ranged Weapons
   906 | D:2      | Reached XP level 4. HP: 29/29 MP: 7/7
  1004 | D:2      | Noticed Ijyb
  1010 | D:2      | Killed Ijyb
  1105 | D:2      | Reached XP level 5. HP: 34/34 MP: 8/8
  2089 | D:3      | Found a transporter.
  2106 | D:3      | Found a transporter.
  2172 | D:3      | Found a faded altar of an unknown god.
  2358 | D:3      | Reached XP level 6. HP: 41/41 MP: 9/9
  2370 | D:3      | Found a sparkling altar of Nemelex Xobeh.
  3071 | D:4      | Found Qemir's Weapon Shoppe.
  3101 | D:4      | Noticed a black bear
  3116 | D:4      | Killed a black bear
  3117 | D:4      | Reached XP level 7. HP: 12/46 MP: 9/11
  3261 | D:4      | Noticed Pikel
  3276 | D:4      | Killed Pikel
  3277 | D:4      | Reached XP level 8. HP: 23/54 MP: 9/13
  3784 | D:4      | Found a glowing golden altar of the Shining One.
  3787 | D:4      | Found a shadowy altar of Dithmenos.
  3790 | D:4      | Found a glowing silver altar of Zin.
  3800 | D:4      | Found a radiant altar of Vehumet.
  4154 | D:5      | Entered Level 5 of the Dungeon
  4163 | D:4      | Reached skill level 5 in Translocations
  4167 | D:4      | Reached skill level 1 in Stealth
  4224 | D:5      | Found a white marble altar of Elyvilon.
  4384 | D:5      | Found Huejat's Antique Armour Shoppe.
  4733 | D:5      | Found a sand-covered staircase.
  4738 | Ossuary  | Entered an ossuary
  4803 | Ossuary  | Reached skill level 5 in Ranged Weapons
  4990 | Ossuary  | Reached skill level 5 in Fighting
  5223 | Ossuary  | Reached skill level 1 in Evocations
  5447 | D:5      | Found an ancient bone altar of Kikubaaqudgha.
  5619 | D:6      | Found a glowing drain.
  5634 | Sewer    | Entered a sewer
  5661 | Sewer    | Reached XP level 9. HP: 61/61 MP: 15/15
  6299 | D:6      | Reached skill level 5 in Stealth
  6732 | D:6      | Found a shimmering altar of Xom.
  6735 | D:6      | Found a bloodstained altar of Trog.
  6952 | D:6      | Reached skill level 5 in Dodging
  7454 | D:7      | Found a staircase to the Ecumenical Temple.
  7550 | Temple   | Entered the Ecumenical Temple
  7588 | Temple   | Became a worshipper of Cheibriados the Contemplative
  7800 | D:7      | Found Saduid's General Store.
  7804 | D:7      | Found Dosayg's Distillery.
  7805 | D:7      | Found Laimp's Antique Armour Shoppe.
  7805 | D:7      | Found Botrysox's Magic Scroll Shoppe.
  7852 | D:7      | Reached skill level 5 in Unarmed Combat
  7879 | D:7      | Reached skill level 1 in Shields
  8160 | D:8      | Reached skill level 5 in Evocations
  8160 | D:8      | Reached XP level 10. HP: 31/68 MP: 11/16
  8298 | D:8      | Found a staircase to the Lair.
  8491 | D:8      | Noticed a tengu warrior
  8507 | D:8      | Killed a tengu warrior
  8508 | D:8      | Reached skill level 6 in Unarmed Combat
  8690 | D:9      | Noticed a two-headed ogre
  8698 | D:9      | Killed a two-headed ogre
  8698 | D:9      | Reached * piety under Cheibriados
  8699 | D:9      | Reached skill level 7 in Unarmed Combat
  8716 | D:9      | Reached skill level 5 in Shields
  9129 | D:9      | Noticed a centaur warrior
  9130 | D:9      | Noticed a boulder beetle
  9137 | D:9      | HP: 1/68 [centaur warrior (5)]
  9137 | D:9      | Slain by a centaur warrior

Illustrated notes

Levels and vault maps discovered:
D:1:      scummos_arrival_hexagon, layout_rooms, minmay_lizard_pond
D:2:      kennysheep_the_goblin_king, layout_loops_ring, basic_altar
D:3:      gammafunk_steamed_eel, layout_basic, amcnicky_altar_gilded,
          ebering_ecumenical_altar_rust
D:4:      layout_basic, grunt_temple_overflow_cloverleaf, serial_shops, shop,
          uniq_pikel
D:5:      layout_rooms, tgw_kikubaaqudgha, lemuel_round_altar, enter_ossuary_1,
          serial_shops, shop
D:6:      cheibrodos_iron_armory, layout_loops_ring,
          chequers_temple_overflow_statue_of_worship,
          cheibrodos_sewer_entry_bend
D:7:      layout_loops_cross, minmay_temple_entry_fiery, minmay_shop_grid_forest
D:8:      minmay_spotlight, layout_rooms, dpeg_oklobed_lair,
          minmay_chambers_of_fives
D:9:      layout_stronghold, serial_shops, nicolae_inconvenience_store,
          nicolae_shop_hallway_plus, minmay_radiant
Temple:   nicolae_temple_god_jail

Skill      XL: |  1  2  3  4  5  6  7  8  9 10 |
---------------+-------------------------------+-----
Unarmed Combat | 3 4 5 7 |  7.3
Ranged Weapons | 1 2 3 4 5 |  5.0
Fighting       | 3 4 5 6 |  6.2
Spellcasting   | 3 4 |  4.0
Translocations | 4 5 |  5.0
Stealth        | 4 5 |  5.0
Dodging        | 3 5 |  5.0
Evocations     | 1 5 6 |  6.0
Shields        | 2 5 |  5.2
Throwing       | |  1.0

Action                     |  1- 3 |  4- 6 |  7- 9 | 10-12 || total
---------------------------+-------+-------+-------+-------++-------
  Melee: Unarmed           |   101 |       |    10 |    21 ||   132
         Tentacles         |    16 |       |     1 |     7 ||    24
         Constrict         |    24 |       |     1 |     5 ||    30
         Punch             |     4 |       |     1 |       ||     5
   Fire: Sling             |     2 |   169 |   386 |    67 ||   624
   Cast: Blink             |       |     7 |    14 |     3 ||    24
  Evoke: Wand              |       |     4 |     6 |    14 ||    24
    Use: Potion            |     3 |       |       |       ||     3
         Scroll            |     3 |     3 |    15 |     2 ||    23
   Stab: Sleeping          |     2 |       |       |       ||     2
         Paralysed         |       |       |       |     7 ||     7
 Armour: Skin              |    11 |     6 |     8 |     2 ||    27
  Dodge: Dodged            |    48 |    52 |    88 |    45 ||   233

Table legend: (Time is in decaauts)
 A = Elapsed time spent in this place.
 B = Non-inter-level travel time spent in this place.
 C = Inter-level travel time spent in this place.
 D = Time resting spent in this place.
 E = Time spent auto-exploring this place.
 F = Levels seen in this place.
 G = Mean time per level.
                   A        B        C        D        E       F      G
               +--------+--------+--------+--------+--------+-----+--------+
         Total |   9492 |   9204 |    288 |    516 |   6906 |  12 |  791.0 |
       Dungeon |   8125 |   7869 |    256 |    516 |   5909 |   9 |  902.8 |
        Temple |     56 |     25 |     31 |      0 |     17 |   1 |   56.0 |
         Sewer |    638 |    638 |      0 |      0 |    493 |   1 |  638.0 |
       Ossuary |    672 |    672 |      0 |      0 |    487 |   1 |  672.0 |
               +--------+--------+--------+--------+--------+-----+--------+

Top non-repeatable levels by time:
     D:2: 1245 daAuts
     D:4: 1222 daAuts
     D:3: 1079 daAuts
     D:7: 1065 daAuts
     D:6: 955 daAuts
     D:9: 697 daAuts
     D:5: 694 daAuts
 Ossuary: 672 daAuts
     D:1: 671 daAuts
   Sewer: 638 daAuts
     D:8: 493 daAuts
  Temple: 56 daAuts
